MLB
MINNESOTA TWINS @ CHICAGO WHITE SOX
04/14/2099
 
TOP OF THE 1ST
Minnesota Twins batting - Pitching for Chicago White Sox : LHP Jonathan Obrochta
Pitching: LHP Jonathan Obrochta
Batting: SHB William Maki 0-0: Ball
1-0: Called Strike
1-1: Ball
2-1: Foul Ball, location: 5FF
2-2: Strikes out swinging
Batting: SHB Jim Whitlock 0-0: Called Strike
0-1: Fly out, F7 (Flyball, 78S, EV 94.4 MPH)
Batting: RHB Bill Widby 0-0: Called Strike
0-1: Foul Ball, location: 2F
0-2: Ball
1-2: Strikes out swinging
Top of the 1st over - 0 runs, 0 hits, 0 errors, 0 left on base; Minnesota 0 - Chicago 0
BOTTOM OF THE 1ST
Chicago White Sox batting - Pitching for Minnesota Twins : RHP Russell Cottrell
Pitching: RHP Russell Cottrell
Batting: RHB Luis Marquina 0-0: Ball
1-0: Foul Ball, location: 3F
1-1: Foul Ball, location: 2F
1-2: Ball
2-2: Foul Ball, location: 2F
2-2: Ball
3-2: Foul Ball, location: 9LSFF
3-2: Ground out 5-3 (Groundball, 56S, EV 86.9 MPH)
Batting: LHB Tim Eaton 0-0: Called Strike
0-1: Foul Ball, location: 3DF
0-2: Ball
1-2: Ball
2-2: Ball
3-2: Strikes out swinging
Batting: LHB Dan Roos 0-0: Swinging Strike
0-1: Ball
1-1: Hit by Pitch
Batting: LHB Josh Densmore 0-0: Foul Ball, location: 2F
0-1: Called Strike
0-2: Strikes out swinging
Bottom of the 1st over - 0 runs, 0 hits, 0 errors, 1 left on base; Minnesota 0 - Chicago 0
TOP OF THE 2ND
Minnesota Twins batting - Pitching for Chicago White Sox : LHP Jonathan Obrochta
Batting: LHB Emilio Gonzales 0-0: Ball
1-0: Ball
2-0: Foul Ball, location: 25F
2-1: Foul Ball, location: 7LSF
2-2: Fly out, F6 (Popup, 6MD, EV 71.9 MPH)
Batting: RHB Joe Looby 0-0: Foul Ball, location: 2F
0-1: Called Strike
0-2: Foul Ball, location: 25FF
0-2: Strikes out looking
Batting: SHB Dan Mayes 0-0: Called Strike
0-1: Ball
1-1: SINGLE (Groundball, 56D, EV 99.4 MPH)
Batting: RHB David Bazley 0-0: Called Strike
0-1: Ball
1-1: Ball
2-1: Foul Ball, location: 2F
2-2: Foul Ball, location: 9LMF
2-2: Ball
3-2: Base on Balls
Dan Mayes to second
Pitching: RHP Tony Wallace
Batting: RHB Adam Ramsey 0-0: Called Strike
0-1: Ball
1-1: DOUBLE (Line Drive, 78M, EV 102.5 MPH)
Dan Mayes scores
David Bazley to third
Batting: RHB Dennis Jackson 0-0: Foul Ball, location: 2F
0-1: DOUBLE (Groundball, 5L, EV 106.3 MPH)
David Bazley scores
Adam Ramsey scores
Batting: SHB William Maki 0-0: Called Strike
0-1: Called Strike
0-2: Ball
1-2: Strikes out swinging
Top of the 2nd over - 3 runs, 3 hits, 0 errors, 1 left on base; Minnesota 3 - Chicago 0
BOTTOM OF THE 2ND
Chicago White Sox batting - Pitching for Minnesota Twins : RHP Russell Cottrell
Batting: LHB Bryan Lupo 0-0: Foul Ball, location: 5SF
0-1: Swinging Strike
0-2: Strikes out swinging
Batting: RHB Cory Gilmore 0-0: Called Strike
0-1: Ball
1-1: Ball
2-1: Foul Ball, location: 23FF
2-2: Strikes out swinging
Batting: LHB Tyler Fauver 0-0: Ball
1-0: Ball
2-0: Ground out 3-1 (Groundball, 13, EV 93.1 MPH)
Bottom of the 2nd over - 0 runs, 0 hits, 0 errors, 0 left on base; Minnesota 3 - Chicago 0
TOP OF THE 3RD
Minnesota Twins batting - Pitching for Chicago White Sox : RHP Tony Wallace
Batting: SHB Jim Whitlock 0-0: Ball
1-0: Foul Ball, location: 5F
1-1: Foul Ball, location: 9LSF
1-2: Ball
2-2: Ball
3-2: Strikes out swinging
Batting: RHB Bill Widby 0-0: Ball
1-0: Ball
2-0: Ball
3-0: Base on Balls
Batting: LHB Emilio Gonzales 0-0: Ball
1-0: Swinging Strike
1-1: Ball
2-1: Ball
3-1: 2-RUN HOME RUN (Flyball, 7LD, EV 97.5 MPH), Distance : 355 ft
Pitching: RHP Hector Canadas
Batting: RHB Joe Looby 0-0: Ball
1-0: Ground out 2-3 (Groundball, 15S, EV 73.8 MPH)
Batting: SHB Dan Mayes 0-0: Called Strike
0-1: Foul Ball, location: 7LMF
0-2: Foul Ball, location: 2F
0-2: Strikes out swinging
Top of the 3rd over - 2 runs, 1 hit, 0 errors, 0 left on base; Minnesota 5 - Chicago 0
BOTTOM OF THE 3RD
Chicago White Sox batting - Pitching for Minnesota Twins : RHP Russell Cottrell
Batting: RHB Chris Hodges 0-0: Ball
1-0: Ball
2-0: SINGLE (Line Drive, 7LS, EV 110.0 MPH)
Batting: SHB Jeremy Nussbaum 0-0: Ball
1-0: Ball
2-0: Called Strike
2-1: Fielders Choice at 2nd, 3-6 (Groundball, 34, EV 86.3 MPH)
Batting: RHB Luis Marquina 0-0: Ball
1-0: Called Strike
1-1: Ball
2-1: Ball
3-1: Called Strike
3-2: Foul Ball, location: 9LSFF
3-2: Base on Balls
Jeremy Nussbaum to second
Batting: LHB Tim Eaton 0-0: Ball
1-0: Swinging Strike
1-1: Foul Ball, location: 2F
1-2: Foul Ball, location: 23F
1-2: Strikes out swinging
Batting: LHB Dan Roos 0-0: Ball
1-0: Foul Ball, location: 7LDF
1-1: Fly out, F8 (Flyball, 8RD, EV 91.9 MPH)
Bottom of the 3rd over - 0 runs, 1 hit, 0 errors, 2 left on base; Minnesota 5 - Chicago 0
TOP OF THE 4TH
Minnesota Twins batting - Pitching for Chicago White Sox : RHP Hector Canadas
Batting: RHB David Bazley 0-0: Called Strike
0-1: Foul Ball, location: 9LSF
0-2: Strikes out swinging
Batting: RHB Adam Ramsey 0-0: Fly out, F9 (Flyball, 89S, EV 93.1 MPH)
Batting: RHB Dennis Jackson 0-0: Ball
1-0: Called Strike
1-1: Swinging Strike
1-2: Foul Ball, location: 2F
1-2: Ball
2-2: Ball
3-2: Reached on error, E5 (Groundball, 15, EV 83.1 MPH)
Batting: SHB William Maki 0-0: Called Strike
Dennis Jackson steals 2nd, throwing error, E2
Dennis Jackson to third
0-1: Ball
1-1: Ball
2-1: Foul Ball, location: 7LMF
2-2: 2-RUN HOME RUN (Flyball, 9LD, EV 98.8 MPH), Distance : 382 ft
Batting: SHB Jim Whitlock 0-0: DOUBLE (Line Drive, 3D, EV 100.0 MPH)
Pinch Runner at 2nd Nick White:
Batting: RHB Bill Widby 0-0: Fly out, F8 (Flyball, 8RS, EV 86.9 MPH)
Top of the 4th over - 2 runs, 2 hits, 2 errors, 1 left on base; Minnesota 7 - Chicago 0
BOTTOM OF THE 4TH
Chicago White Sox batting - Pitching for Minnesota Twins : RHP Russell Cottrell
Now at 2B: Nick White
Batting: LHB Josh Densmore 0-0: Ball
1-0: Fly out, F7 (Flyball, 78S, EV 95.6 MPH)
Batting: LHB Bryan Lupo 0-0: Swinging Strike
0-1: Foul Ball, location: 3DF
0-2: Strikes out swinging
Batting: RHB Cory Gilmore 0-0: Called Strike
0-1: Fly out, F9 (Flyball, 89S, EV 91.9 MPH)
Bottom of the 4th over - 0 runs, 0 hits, 0 errors, 0 left on base; Minnesota 7 - Chicago 0
TOP OF THE 5TH
Minnesota Twins batting - Pitching for Chicago White Sox : RHP Hector Canadas
Batting: LHB Emilio Gonzales 0-0: Ball
1-0: Hit by Pitch
Batting: RHB Joe Looby 0-0: Ball
1-0: Fly out, F7 (Flyball, 78M, EV 86.9 MPH)
Batting: SHB Dan Mayes 0-0: Fly out, F4 (Popup, 34D, EV 57.5 MPH)
Batting: RHB David Bazley 0-0: Foul Ball, location: 9LSF
0-1: Ball
1-1: Ball
2-1: Ball
3-1: Base on Balls
Emilio Gonzales to second
Batting: RHB Adam Ramsey 0-0: Ball
1-0: Foul Ball, location: 3FF
1-1: Foul Ball, location: 2F
1-2: Ball
2-2: Foul Ball, location: 2F
2-2: Ground out 5-3 (Groundball, 56, EV 110.0 MPH)
Top of the 5th over - 0 runs, 0 hits, 0 errors, 2 left on base; Minnesota 7 - Chicago 0
BOTTOM OF THE 5TH
Chicago White Sox batting - Pitching for Minnesota Twins : RHP Russell Cottrell
Batting: LHB Tyler Fauver 0-0: Ground out 6-3 (Groundball, 6, EV 103.1 MPH)
Batting: RHB Chris Hodges 0-0: Foul Ball, location: 7LMFF
0-1: Ball
1-1: Ground out 4-3 (Groundball, 4S, EV 65.6 MPH)
Batting: SHB Jeremy Nussbaum 0-0: Ground out 5-3 (Groundball, 5, EV 81.9 MPH)
Bottom of the 5th over - 0 runs, 0 hits, 0 errors, 0 left on base; Minnesota 7 - Chicago 0
TOP OF THE 6TH
Minnesota Twins batting - Pitching for Chicago White Sox : RHP Hector Canadas
Pitching: RHP Keith Dragisic
Batting: RHB Dennis Jackson 0-0: Foul Ball, location: 3F
0-1: Ball
1-1: Called Strike
1-2: Ball
2-2: Strikes out swinging
Batting: SHB William Maki 0-0: Called Strike
0-1: Ball
1-1: Foul Ball, location: 2F
1-2: Foul Ball, location: 23F
1-2: DOUBLE (Line Drive, 9LS, EV 103.8 MPH)
Batting: SHB Nick White 0-0: Called Strike
0-1: Ball
Balk!
William Maki to third
1-1: Ball
2-1: Foul Ball, location: 25F
2-2: Foul Ball, location: 7LDF
2-2: Strikes out looking
Batting: RHB Bill Widby 0-0: Swinging Strike
0-1: Fly out, F8 (Flyball, 8LD, EV 90.6 MPH)
Top of the 6th over - 0 runs, 1 hit, 0 errors, 1 left on base; Minnesota 7 - Chicago 0
BOTTOM OF THE 6TH
Chicago White Sox batting - Pitching for Minnesota Twins : RHP Russell Cottrell
Batting: RHB Luis Marquina 0-0: Ball
1-0: Foul Ball, location: 7LDF
1-1: Ball
2-1: SINGLE (Flyball, 89S, EV 92.5 MPH)
Batting: LHB Tim Eaton 0-0: Foul Ball, location: 2F
0-1: Fly out, F6 (Popup, 6, EV 65.0 MPH)
Batting: LHB Dan Roos 0-0: Foul Ball, location: 3F
0-1: DOUBLE (Flyball, 9LD, EV 105.0 MPH)
Luis Marquina to third
Runner from 3rd tries for Home, SAFE, throw by RF to trailing runner, SAFE at third!
Batting: LHB Josh Densmore 0-0: Ball
1-0: Called Strike
1-1: Ball
2-1: Ball
3-1: Foul Ball, location: 2F
3-2: Base on Balls
Batting: LHB Bryan Lupo 0-0: Called Strike
0-1: Ball
1-1: Fly out, F7 (Flyball, 7D, EV 105.0 MPH)
Runner from 3rd tags up, SCORES, no throw by LF
Batting: RHB Cory Gilmore 0-0: Called Strike
Josh Densmore is caught stealing 2nd base 2-4
Bottom of the 6th over - 2 runs, 2 hits, 0 errors, 0 left on base; Minnesota 7 - Chicago 2
TOP OF THE 7TH
Minnesota Twins batting - Pitching for Chicago White Sox : RHP Keith Dragisic
Batting: LHB Emilio Gonzales 0-0: Ball
1-0: DOUBLE (Line Drive, 7LM, EV 111.3 MPH)
Pitching: LHP Brian Alvarez
Batting: RHB Joe Looby 0-0: Ground out 1-3 (Groundball, 13S, EV 70.0 MPH)
Batting: SHB Dan Mayes 0-0: Fly out, F8 (Flyball, 8RM, EV 85.6 MPH)
Batting: RHB David Bazley 0-0: Ball
1-0: Ball
2-0: Fly out, F8 (Flyball, 89S, EV 88.8 MPH)
Top of the 7th over - 0 runs, 1 hit, 0 errors, 1 left on base; Minnesota 7 - Chicago 2
BOTTOM OF THE 7TH
Chicago White Sox batting - Pitching for Minnesota Twins : RHP Russell Cottrell
Batting: RHB Cory Gilmore 0-0: Called Strike
0-1: Called Strike
0-2: SINGLE (Groundball, 56D, EV 110.0 MPH)
Batting: LHB Tyler Fauver 0-0: Ball
1-0: Ball
2-0: Called Strike
2-1: Foul Ball, location: 2F
2-2: Fly out, F6 (Line Drive, 6, EV 68.8 MPH)
Pitching: LHP Jeff Downing
Batting: RHB Chris Hodges 0-0: Fly out, F8 (Flyball, 89D, EV 80.6 MPH)
Batting: SHB Jeremy Nussbaum 0-0: DOUBLE (Groundball, 5L, EV 104.4 MPH)
Cory Gilmore to third
Batting: RHB Luis Marquina 0-0: Called Strike
0-1: Reached via error on a dropped throw from 1B, E1 (Groundball, 34, EV 88.1 MPH)
Cory Gilmore scores
Jeremy Nussbaum to third
Batting: LHB Tim Eaton 0-0: Ball
1-0: Ball
2-0: Called Strike
2-1: Ball
3-1: Swinging Strike
3-2: Base on Balls
Luis Marquina to second
Batting: LHB Dan Roos 0-0: Ball
1-0: Called Strike
1-1: Ball
2-1: Fly out, F7 (Flyball, 7, EV 90.6 MPH)
Bottom of the 7th over - 1 run, 2 hits, 1 error, 3 left on base; Minnesota 7 - Chicago 3
TOP OF THE 8TH
Minnesota Twins batting - Pitching for Chicago White Sox : LHP Brian Alvarez
Batting: RHB Adam Ramsey 0-0: Ball
1-0: Foul Ball, location: 2LF
1-1: Ball
2-1: Fly out, F6 (Popup, 6M, EV 68.1 MPH)
Batting: RHB Dennis Jackson 0-0: Ball
1-0: Called Strike
1-1: Ball
2-1: Ground out 4-3 (Groundball, 4, EV 77.5 MPH)
Batting: SHB William Maki 0-0: Ball
1-0: SINGLE (Line Drive, 8RS, EV 98.8 MPH)
Batting: SHB Nick White 0-0: Ball
1-0: Called Strike
1-1: Foul Ball, location: 2F
1-2: Foul Ball, location: 2F
1-2: 2-RUN HOME RUN (Flyball, 7LD, EV 93.8 MPH), Distance : 346 ft
Batting: RHB Bill Widby 0-0: Ball
1-0: Ball
2-0: Foul Ball, location: 5F
2-1: Swinging Strike
2-2: Fly out, F9 (Flyball, 9S, EV 84.4 MPH)
Top of the 8th over - 2 runs, 2 hits, 0 errors, 0 left on base; Minnesota 9 - Chicago 3
BOTTOM OF THE 8TH
Chicago White Sox batting - Pitching for Minnesota Twins : LHP Jeff Downing
Batting: LHB Josh Densmore 0-0: Swinging Strike
0-1: Ball
1-1: Ground out U3 (Groundball, 34, EV 80.6 MPH)
Pinch Hitting: RHB Joey Aimone 0-0: SINGLE (Groundball, 56D, EV 101.3 MPH)
Batting: RHB Cory Gilmore 0-0: Ball
1-0: Grounds into double play, 5-4-3 (Groundball, 56, EV 104.4 MPH)
Bottom of the 8th over - 0 runs, 1 hit, 0 errors, 0 left on base; Minnesota 9 - Chicago 3
TOP OF THE 9TH
Minnesota Twins batting - Pitching for Chicago White Sox : LHP Brian Alvarez
Pitching: LHP Jeffrey Baker
Now at 1B: Joey Aimone
Batting: LHB Emilio Gonzales 0-0: Ground out 6-3 (Groundball, 6M, EV 91.9 MPH)
Batting: RHB Joe Looby 0-0: Ball
1-0: Ball
2-0: Ball
3-0: Called Strike
3-1: SINGLE (Groundball, 56S, EV 72.5 MPH) (infield hit)
Batting: SHB Dan Mayes 0-0: Ball
1-0: Called Strike
1-1: Swinging Strike
1-2: Ball
2-2: Ball
3-2: Foul Ball, location: 5FF
3-2: Strikes out swinging
Batting: RHB David Bazley 0-0: Foul Ball, location: 2F
0-1: Ball
1-1: Ball
2-1: Fly out, F4 (Flyball, 3D, EV 93.8 MPH)
Top of the 9th over - 0 runs, 1 hit, 0 errors, 1 left on base; Minnesota 9 - Chicago 3
BOTTOM OF THE 9TH
Chicago White Sox batting - Pitching for Minnesota Twins : LHP Jeff Downing
Pinch Hitting: RHB Butch Arnett 0-0: Fly out, F8 (Flyball, 8RM, EV 88.8 MPH)
Pitching: RHP Mario Prado
Batting: RHB Chris Hodges 0-0: Ball
1-0: Ball
2-0: SINGLE (Line Drive, 4MD, EV 98.8 MPH)
Batting: SHB Jeremy Nussbaum 0-0: Ball
1-0: Swinging Strike
1-1: Ball
2-1: Fielders Choice at 2nd, 4-6 (Groundball, 4, EV 82.5 MPH)
Batting: RHB Luis Marquina 0-0: SINGLE (Flyball, 3D, EV 90.0 MPH)
Jeremy Nussbaum to second
Batting: LHB Tim Eaton 0-0: Swinging Strike
0-1: Ball
1-1: Swinging Strike
1-2: Fly out, F4 (Popup, 3S, EV 75.0 MPH)
Bottom of the 9th over - 0 runs, 2 hits, 0 errors, 2 left on base; Minnesota 9 - Chicago 3
Friday, May 3rd , 2024 - OOTP Baseball 24.11 Build 85